WCHLSIM.com - West Coast Hockey League
html PUBLIC "-//W3C//DTD XHTML 1.0 Transitional//EN" "http://www.w3.org/TR/xhtml1/DTD/xhtml1-transitional.dtd"> WCHL - Game 210 - SAN JOSE BRONCOS vs ANAHEIM OUTLAWS

SAN JOSE BRONCOS vs ANAHEIM OUTLAWS

Created - 14 novembre 2021 at 22:36

Goals
1 2 3 OT1 T
SAN JOSE BRONCOS 0 1 0 1 2
ANAHEIM OUTLAWS 1 0 0 0 1
Shots
1 2 3 OT1 T
SAN JOSE BRONCOS 10 12 10 1 33
ANAHEIM OUTLAWS 6 8 8 0 22

1st period

1. ANAHEIM OUTLAWS , Jordan Staal 5 (Jake DeBrusk 5, Adrian Kempe 4) at 7:18 (PP)

Penalties :
Brayden Point (SJO) for Holding (Minor) at 2:15, Anthony Beauvillier (SJO) for Roughing (Minor) at 6:06, Haydn Fleury (ANA) for Goalie Interference (Minor) at 15:51

2nd period

2. SAN JOSE BRONCOS , Elias Lindholm 6 (Connor Brown 8) at 12:01

Penalties :
No Penalty

3rd period

No Goal

Penalties :
Christian Fischer (ANA) for Hooking (Minor) at 8:42, Jaccob Slavin (SJO) for High sticking (Minor) at 17:22

Overtime #1

3. SAN JOSE BRONCOS , Brayden Point 6 (Elias Lindholm 8) at 0:24

Penalties :
No Penalty

Goalie Stats

Jacob Markstrom (SJO), 21 saves from 22 shots - (0,955), W, 9-3-0, 60:25 minutes
Robin Lehner (ANA), 31 saves from 33 shots - (0,939), OTL, 2-2-2, 60:25 minutes

Players Stats for SAN JOSE BRONCOS

Player Name              G  A  P  +/- PIM S  H  SB GA TA FO     MP     PP MP  PK MP  
------------------------------------------------------------------------------------
Adam Pelech              0  0  0   1  0   0  0  1  0  0  0/0    20:54   2:25   0:54 
Anthony Beauvillier      0  0  0   1  2   1  1  0  0  0  0/2    15:05   0:00   0:00 
Brayden Point            1  0  1   1  2   6  2  0  0  0  14/22  18:27   2:04   0:00 
Chris Tanev              0  0  0   0  0   0  0  2  0  0  0/0    15:46   0:00   0:00 
Connor Brown             0  1  1   1  0   5  2  0  0  0  0/0    19:46   1:54   2:46 
David Kampf              0  0  0   0  0   3  0  1  0  0  0/0    19:47   0:00   0:00 
Elias Lindholm           1  1  2   2  0   4  1  0  0  0  7/16   19:59   2:04   2:24 
Jaccob Slavin            0  0  0   0  2   0  0  1  0  0  0/0    21:05   1:41   1:54 
Jesper Bratt             0  0  0   0  0   4  1  0  0  0  0/1    17:53   1:54   0:00 
Mikael Granlund          0  0  0   0  0   3  0  1  0  0  12/22  17:01   1:54   2:24 
Mike Reilly              0  0  0   0  0   1  1  3  0  0  0/0    18:50   1:33   2:22 
Neal Pionk               0  0  0   1  0   1  0  2  0  0  0/0    23:23   1:33   3:03 
Nick Bonino              0  0  0   0  0   2  0  0  0  0  4/8     9:50   0:00   2:46 
Oliver Bjorkstrand       0  0  0   0  0   0  1  0  0  0  1/3    18:03   2:04   0:00 
Oliver Wahlstrom         0  0  0   0  0   1  1  0  0  0  0/1    12:43   0:00   0:00 
Riley Nash               0  0  0   0  0   0  0  0  0  0  0/0     0:00   0:00   0:00 
Tyler Motte              0  0  0   0  0   0  1  1  0  0  0/0     7:04   0:00   0:00 
Zdeno Chara              0  0  0   1  0   2  0  0  0  0  0/0    20:26   0:44   2:07 

Players Stats for ANAHEIM OUTLAWS

Player Name              G  A  P  +/- PIM S  H  SB GA TA FO     MP     PP MP  PK MP  
------------------------------------------------------------------------------------
Adrian Kempe             0  1  1   0  0   2  1  0  0  0  9/17   16:45   2:40   1:29 
Christian Fischer        0  0  0   0  2   0  1  1  0  0  1/4    19:06   0:43   0:00 
Evgeny Kuznetsov         0  0  0   0  0   2  0  1  0  0  0/0    18:24   0:00   0:00 
Haydn Fleury             0  0  0   0  2   1  2  1  0  0  0/0    17:59   2:40   0:48 
Henri Jokiharju          0  0  0  -1  0   0  3  1  0  0  0/0    20:49   0:34   1:00 
Ian Mitchell             0  0  0   0  0   1  0  2  0  0  0/0    17:57   0:09   0:43 
Jake DeBrusk             0  1  1   0  0   2  0  0  0  0  0/1    15:08   2:32   0:00 
Jeff Skinner             0  0  0   0  0   0  0  0  0  0  3/5     5:10   0:09   0:00 
Jordan Staal             1  0  1  -2  0   5  1  1  0  0  15/23  20:26   2:41   2:29 
Kasperi Kapanen          0  0  0  -1  0   4  0  0  0  0  0/1    17:20   2:29   0:00 
Michael Bunting          0  0  0  -1  0   1  0  0  0  0  1/3    14:51   0:00   0:00 
Michael Rasmussen        0  0  0  -1  0   0  0  0  0  0  7/19   18:49   0:00   0:00 
Nikolai Knyzhov          0  0  0  -1  0   0  0  1  0  0  0/0    21:17   1:56   1:51 
Noah Hanifin             0  0  0  -1  0   1  2  3  0  0  0/0    24:48   3:14   1:48 
Pius Suter               0  0  0   0  0   0  0  0  0  0  1/2    15:52   1:47   1:29 
Sam Bennett              0  0  0   0  0   2  0  0  0  0  0/0     5:01   0:00   0:00 
Thomas Hickey            0  0  0   0  0   0  2  0  0  0  0/0    17:34   1:47   1:46 
Zach Parise              0  0  0   0  0   1  0  0  0  0  0/0     9:59   2:29   2:29 

3 Stars

1 - Elias Lindholm (SJO)
2 - Robin Lehner (ANA)
3 - Brayden Point (SJO)

Power Play

SAN JOSE BRONCOS - 0 on 2 Attempt(s) - 0,00%
ANAHEIM OUTLAWS - 1 on 3 Attempt(s) - 33,33%

Penalty Kill

SAN JOSE BRONCOS - 2 on 3 Attempt(s) - 66,67% - Score 0 goal in Penalty Kill
ANAHEIM OUTLAWS - 2 on 2 Attempt(s) - 100,00% - Score 0 goal in Penalty Kill

Team Stat

SAN JOSE BRONCOS - Hits : 11 - Faceoff Wins : 38 - Blocked Shots : 12 - Penalty Minutes : 6
ANAHEIM OUTLAWS - Hits : 12 - Faceoff Wins : 37 - Blocked Shots : 11 - Penalty Minutes : 4

Official

Referees : Brad Meier and Reid Anderson
Linesman : Ryan Gibbons and Tony Sericolo

Game Notes

No Game Note

Finance

Level 1 -- Attendance: 4375 (67,31%) -- Ticket Income 853 125 $
Level 2 -- Attendance: 3638 (66,15%) -- Ticket Income 472 940 $
Level 3 -- Attendance: 1805 (72,20%) -- Ticket Income 162 450 $
Level 4 -- Attendance: 3297 (65,94%) -- Ticket Income 247 275 $
Luxury Box -- Attendance: 549 (54,90%) -- Ticket Income 219 600 $
Game was played at the Bouch Garden.
Total Attendance: 13664 (66,65%)
Total Ticket Income: 1 955 390 $
Other Expense: 19 554 $
Total Income: 1 935 836 $

SAN JOSE BRONCOS

5 vs 5 Forward 
   Center                   Left Wing                Right Wing               Time % Phy DF OF 
 1 Brayden Point            Jesper Bratt             Oliver Bjorkstrand       30     1   2  2  
 2 Elias Lindholm           Anthony Beauvillier      Connor Brown             30     1   2  2  
 3 Mikael Granlund          Oliver Wahlstrom         David Kampf              30     1   2  2  
 4 Nick Bonino              Tyler Motte              David Kampf              10     1   2  2  

5 vs 5 Defense 
   Defense                  Defense                                           Time % Phy DF OF 
 1 Neal Pionk               Jaccob Slavin                                     35     1   2  2  
 2 Zdeno Chara              Adam Pelech                                       35     1   2  2  
 3 Chris Tanev              Mike Reilly                                       30     1   2  2  
 4 Neal Pionk               Chris Tanev                                       0      1   2  2  

PowerPlay Forward 
   Center                   Left Wing                Right Wing               Time % Phy DF OF 
 1 Brayden Point            Oliver Bjorkstrand       Elias Lindholm           50     1   2  2  
 2 Mikael Granlund          Jesper Bratt             Connor Brown             50     1   2  2  

PowerPlay Defense
   Defense                  Defense                                           Time % Phy DF OF 
 1 Neal Pionk               Mike Reilly                                       50     1   2  2  
 2 Jaccob Slavin            Adam Pelech                                       50     1   2  2  

Penalty Kill 4 Players Forward 
   Center                   Wing                     Time % Phy DF OF 
 1 Mikael Granlund          Elias Lindholm           50     1   2  2  
 2 Nick Bonino              Connor Brown             50     1   2  2  

Penalty Kill 4 Players Defense
   Defense                  Defense                  Time % Phy DF OF 
 1 Neal Pionk               Jaccob Slavin            50     1   2  2  
 2 Zdeno Chara              Mike Reilly              50     1   2  2  

Penalty Kill - 3 Players Forward 
   Forward                                           Time % Phy DF OF 
 1 Mikael Granlund                                   50     1   2  2  
 2 Nick Bonino                                       50     1   2  2  

Penalty Kill - 3 Players Defense
   Defense                  Defense                  Time % Phy DF OF 
 1 Jaccob Slavin            Adam Pelech              50     1   2  2  
 2 Zdeno Chara              Chris Tanev              50     1   2  2  

4 vs 4 Forward 
   Center                   Wing                     Time % Phy DF OF 
 1 Mikael Granlund          Oliver Bjorkstrand       50     1   2  2  
 2 Elias Lindholm           Connor Brown             50     1   2  2  

4 vs 4 Defense
   Defense                  Defense                  Time % Phy DF OF 
 1 Neal Pionk               Jaccob Slavin            50     1   2  2  
 2 Zdeno Chara              Adam Pelech              50     1   2  2  

Last Minutes Offensive
   Center                   Left Wing                Right Wing               Defense                  Defense                  
   Brayden Point            Elias Lindholm           Oliver Bjorkstrand       Neal Pionk               Mike Reilly              

Last Minutes Defensive
   Center                   Left Wing                Right Wing               Defense                  Defense                  
   Elias Lindholm           Jesper Bratt             Connor Brown             Chris Tanev              Jaccob Slavin            

Goaltenders
Starting : Jacob Markstrom          
Backup : Thomas Greiss            

Extra Forwards
Normal : Nick Bonino, Connor Brown, Oliver Bjorkstrand - PP : Nick Bonino, Connor Brown - PK : Nick Bonino
Extra Defensemen
Normal : Jaccob Slavin, Mike Reilly, Zdeno Chara - PP : Jaccob Slavin - PK : Mike Reilly, Zdeno Chara
Penalty Shots
Brayden Point, Elias Lindholm, Oliver Bjorkstrand, Connor Brown, Jesper Bratt
Custom OT Lines Forwards
Elias Lindholm, Oliver Bjorkstrand, Brayden Point, Nick Bonino, Mikael Granlund, Connor Brown, Riley Nash, Anthony Beauvillier, David Kampf, Jesper Bratt
Custom OT Lines Defensemen
Neal Pionk, Zdeno Chara, Adam Pelech, Jaccob Slavin, Mike Reilly

Scratches
Evgeni Malkin (Sports Hernia Injury), Claude Giroux (Sprained Right Ankle Injury)

ANAHEIM OUTLAWS

5 vs 5 Forward 
   Center                   Left Wing                Right Wing               Time % Phy DF OF 
 1 Michael Rasmussen        Evgeny Kuznetsov         Christian Fischer        36     1   2  2  
 2 Jordan Staal             Michael Bunting          Kasperi Kapanen          31     1   2  2  
 3 Adrian Kempe             Pius Suter               Jake DeBrusk             23     1   2  2  
 4 Jeff Skinner             Zach Parise              Sam Bennett              10     1   2  2  

5 vs 5 Defense 
   Defense                  Defense                                           Time % Phy DF OF 
 1 Nikolai Knyzhov          Ian Mitchell                                      36     1   2  2  
 2 Noah Hanifin             Haydn Fleury                                      31     1   2  2  
 3 Thomas Hickey            Henri Jokiharju                                   23     1   2  2  
 4 Noah Hanifin             Henri Jokiharju                                   10     1   2  2  

PowerPlay Forward 
   Center                   Left Wing                Right Wing               Time % Phy DF OF 
 1 Jordan Staal             Jake DeBrusk             Adrian Kempe             55     1   2  2  
 2 Pius Suter               Zach Parise              Kasperi Kapanen          45     1   2  2  

PowerPlay Defense
   Defense                  Defense                                           Time % Phy DF OF 
 1 Nikolai Knyzhov          Thomas Hickey                                     55     1   2  2  
 2 Noah Hanifin             Haydn Fleury                                      45     1   2  2  

Penalty Kill 4 Players Forward 
   Center                   Wing                     Time % Phy DF OF 
 1 Jordan Staal             Zach Parise              55     1   2  2  
 2 Adrian Kempe             Pius Suter               45     1   2  2  

Penalty Kill 4 Players Defense
   Defense                  Defense                  Time % Phy DF OF 
 1 Thomas Hickey            Nikolai Knyzhov          55     1   2  2  
 2 Noah Hanifin             Haydn Fleury             45     1   2  2  

Penalty Kill - 3 Players Forward 
   Forward                                           Time % Phy DF OF 
 1 Jordan Staal                                      55     1   2  2  
 2 Zach Parise                                       45     1   2  2  

Penalty Kill - 3 Players Defense
   Defense                  Defense                  Time % Phy DF OF 
 1 Thomas Hickey            Nikolai Knyzhov          55     1   2  2  
 2 Noah Hanifin             Haydn Fleury             45     1   2  2  

4 vs 4 Forward 
   Center                   Wing                     Time % Phy DF OF 
 1 Jordan Staal             Adrian Kempe             55     1   2  2  
 2 Pius Suter               Zach Parise              45     1   2  2  

4 vs 4 Defense
   Defense                  Defense                  Time % Phy DF OF 
 1 Nikolai Knyzhov          Thomas Hickey            55     1   2  2  
 2 Noah Hanifin             Haydn Fleury             45     1   2  2  

Last Minutes Offensive
   Center                   Left Wing                Right Wing               Defense                  Defense                  
   Jordan Staal             Evgeny Kuznetsov         Michael Rasmussen        Nikolai Knyzhov          Ian Mitchell             

Last Minutes Defensive
   Center                   Left Wing                Right Wing               Defense                  Defense                  
   Jordan Staal             Evgeny Kuznetsov         Michael Rasmussen        Nikolai Knyzhov          Ian Mitchell             

Goaltenders
Starting : Robin Lehner             
Backup : Tuukka Rask              

Extra Forwards
Normal : Adrian Kempe, Pius Suter, Jake DeBrusk - PP : Adrian Kempe, Pius Suter - PK : Jake DeBrusk
Extra Defensemen
Normal : Thomas Hickey, Haydn Fleury, Noah Hanifin - PP : Thomas Hickey - PK : Haydn Fleury, Noah Hanifin
Penalty Shots
Jordan Staal, Jake DeBrusk, Pius Suter, Adrian Kempe, Zach Parise
Custom OT Lines Forwards
Jordan Staal, Michael Rasmussen, Evgeny Kuznetsov, Michael Bunting, Zach Parise, Kasperi Kapanen, Adrian Kempe, Pius Suter, Jake DeBrusk, Jeff Skinner
Custom OT Lines Defensemen
Henri Jokiharju, Nikolai Knyzhov, Noah Hanifin, Haydn Fleury, Thomas Hickey

Scratches
Rocco Grimaldi (Healthy), Justin Faulk (Right Eye Injury), Kevin Fiala (Exhaustion), Morgan Rielly (Exhaustion), Mackenzie Blackwood (Healthy)

% Time on Ice - SAN JOSE BRONCOS

Lines # - Real PCT - Wanted PCT - Time Play
Normal Forward
1 - 31% - 30% - 15:59
2 - 30% - 30% - 15:06
3 - 25% - 30% - 12:43
4 - 14% - 10% - 7:04
Normal Defense
1 - 34% - 35% - 17:24
2 - 35% - 35% - 17:35
3 - 29% - 30% - 14:55
4 - 2% - 0% - 0:58
PP Forward
1 - 52% - 50% - 2:04
2 - 48% - 50% - 1:54
PP Defense
1 - 39% - 50% - 1:33
2 - 61% - 50% - 2:25
PK Forward
1 - 46% - 50% - 2:24
2 - 54% - 50% - 2:46
PK Defense
1 - 59% - 50% - 3:03
2 - 41% - 50% - 2:07
PK3 Forward
1 - 0% - 50%
2 - 0% - 50%
PK3 Defense
1 - 0% - 50%
2 - 0% - 50%
44 Forward
1 - 0% - 50%
2 - 0% - 50%
44 Defense
1 - 0% - 50%
2 - 0% - 50%
Last Minute Offensive  - 0:00
Last Minute Defensive  - 0:00
Total
Forward - 60:00
Defense - 60:00

% Time on Ice - ANAHEIM OUTLAWS

Lines # - Real PCT - Wanted PCT - Time Play
Normal Forward
1 - 36% - 36% - 18:24
2 - 29% - 31% - 14:51
3 - 25% - 23% - 12:36
4 - 10% - 10% - 5:01
Normal Defense
1 - 34% - 36% - 17:05
2 - 28% - 31% - 14:26
3 - 28% - 23% - 14:01
4 - 10% - 10% - 5:20
PP Forward
1 - 52% - 55% - 2:41
2 - 48% - 45% - 2:29
PP Defense
1 - 37% - 55% - 1:56
2 - 63% - 45% - 3:14
PK Forward
1 - 63% - 55% - 2:29
2 - 37% - 45% - 1:29
PK Defense
1 - 37% - 55% - 1:27
2 - 63% - 45% - 2:31
PK3 Forward
1 - 0% - 55%
2 - 0% - 45%
PK3 Defense
1 - 0% - 55%
2 - 0% - 45%
44 Forward
1 - 0% - 55%
2 - 0% - 45%
44 Defense
1 - 0% - 55%
2 - 0% - 45%
Last Minute Offensive  - 0:00
Last Minute Defensive  - 0:00
Total
Forward - 60:00
Defense - 60:00

Play-by-Play

1st period


0:01 of 1st period - Brayden Point wins face-off versus Christian Fischer in neutral zone.
0:30 of 1st period - Shot by Jesper Bratt.
0:30 of 1st period - Shot Misses the Net.
0:32 of 1st period - Shot by Jesper Bratt.
0:32 of 1st period - Stopped by Robin Lehner without a rebound.
0:33 of 1st period - Elias Lindholm wins face-off versus Michael Bunting in ANAHEIM OUTLAWS zone.
1:35 of 1st period - Chris Tanev is hit by Adrian Kempe and loses puck.
1:57 of 1st period - Mikael Granlund is hit by Thomas Hickey and loses puck.
2:15 of 1st period - Minor Penalty to Brayden Point for Holding.
2:16 of 1st period - Adrian Kempe wins face-off versus Nick Bonino in SAN JOSE BRONCOS zone.
2:23 of 1st period - Shot by Kasperi Kapanen.
2:23 of 1st period - Stopped by Jacob Markstrom with a rebound.
4:21 of 1st period - Shot by Jesper Bratt.
4:21 of 1st period - Stopped by Robin Lehner without a rebound.
4:22 of 1st period - Brayden Point wins face-off versus Michael Rasmussen in ANAHEIM OUTLAWS zone.
4:29 of 1st period - Shot by Brayden Point.
4:29 of 1st period - Shot Misses the Net.
4:31 of 1st period - Shot by Adam Pelech.
4:31 of 1st period - Shot Blocked by Evgeny Kuznetsov.
4:33 of 1st period - Shot by Brayden Point.
4:33 of 1st period - Deflect By Jesper Bratt.
4:33 of 1st period - Shot Misses the Net.
4:35 of 1st period - Shot by Jesper Bratt.
4:35 of 1st period - Stopped by Robin Lehner without a rebound.
4:36 of 1st period - Jeff Skinner wins face-off versus Jesper Bratt in ANAHEIM OUTLAWS zone.
4:38 of 1st period - Icing by Sam Bennett.
4:39 of 1st period - Jeff Skinner wins face-off versus Brayden Point in ANAHEIM OUTLAWS zone.
4:39 of 1st period - Jeff Skinner is hit by Brayden Point.
4:52 of 1st period - Noah Hanifin is hit by Brayden Point.
4:53 of 1st period - Icing by Noah Hanifin.
4:54 of 1st period - Mikael Granlund wins face-off versus Jeff Skinner in ANAHEIM OUTLAWS zone.
4:57 of 1st period - Shot by Mikael Granlund.
4:57 of 1st period - Deflect By Oliver Wahlstrom.
4:57 of 1st period - Stopped by Robin Lehner without a rebound.
4:58 of 1st period - Mikael Granlund wins face-off versus Michael Rasmussen in ANAHEIM OUTLAWS zone.
6:06 of 1st period - Minor Penalty to Anthony Beauvillier for Roughing.
6:07 of 1st period - Jordan Staal wins face-off versus Nick Bonino in SAN JOSE BRONCOS zone.
6:20 of 1st period - Shot by Adrian Kempe.
6:20 of 1st period - Shot Blocked by Neal Pionk.
6:22 of 1st period - Shot by Noah Hanifin.
6:22 of 1st period - Stopped by Jacob Markstrom with a rebound.
6:39 of 1st period - Icing by Noah Hanifin.
6:40 of 1st period - Jordan Staal wins face-off versus Elias Lindholm in ANAHEIM OUTLAWS zone.
6:48 of 1st period - Icing by Jake DeBrusk.
6:49 of 1st period - Nick Bonino wins face-off versus Jordan Staal in ANAHEIM OUTLAWS zone.
6:49 of 1st period - Connor Brown is hit by Haydn Fleury.
7:00 of 1st period - Icing by Haydn Fleury.
7:01 of 1st period - Jordan Staal wins face-off versus Mikael Granlund in ANAHEIM OUTLAWS zone.
7:18 of 1st period - Shot by Jordan Staal.
7:18 of 1st period - Goal by Jordan Staal - SAN JOSE BRONCOS : 0 - ANAHEIM OUTLAWS : 1.
7:19 of 1st period - Brayden Point wins face-off versus Michael Rasmussen in neutral zone.
7:34 of 1st period - Shot by Jesper Bratt.
7:34 of 1st period - Shot Misses the Net.
7:36 of 1st period - Shot by Jesper Bratt.
7:36 of 1st period - Shot Blocked by Christian Fischer.
8:13 of 1st period - Icing by Christian Fischer.
8:14 of 1st period - Elias Lindholm wins face-off versus Michael Rasmussen in ANAHEIM OUTLAWS zone.
8:15 of 1st period - Shot by Connor Brown.
8:15 of 1st period - Shot Misses the Net.
8:17 of 1st period - Shot by Connor Brown.
8:17 of 1st period - Shot Misses the Net.
8:52 of 1st period - Shot by Anthony Beauvillier.
8:52 of 1st period - Shot Blocked by Henri Jokiharju.
8:54 of 1st period - Shot by Zdeno Chara.
8:54 of 1st period - Stopped by Robin Lehner without a rebound.
8:55 of 1st period - Nick Bonino wins face-off versus Jordan Staal in ANAHEIM OUTLAWS zone.
9:17 of 1st period - Shot by Kasperi Kapanen.
9:17 of 1st period - Shot Misses the Net.
9:19 of 1st period - Shot by Haydn Fleury.
9:19 of 1st period - Stopped by Jacob Markstrom with a rebound.
9:21 of 1st period - Shot by Michael Bunting.
9:21 of 1st period - Deflect By Kasperi Kapanen.
9:21 of 1st period - Shot Blocked by Chris Tanev.
9:33 of 1st period - Shot by Michael Bunting.
9:33 of 1st period - Shot Misses the Net.
10:15 of 1st period - Shot by Jesper Bratt.
10:15 of 1st period - Shot Misses the Net.
10:33 of 1st period - Shot by Brayden Point.
10:33 of 1st period - Shot Misses the Net.
10:47 of 1st period - Shot by Sam Bennett.
10:47 of 1st period - Stopped by Jacob Markstrom without a rebound.
10:48 of 1st period - Jordan Staal wins face-off versus Anthony Beauvillier in SAN JOSE BRONCOS zone.
11:41 of 1st period - Shot by Sam Bennett.
11:41 of 1st period - Shot Blocked by Adam Pelech.
11:49 of 1st period - Sam Bennett is hit by Connor Brown and loses puck.
12:10 of 1st period - Icing by Zdeno Chara.
12:11 of 1st period - Adrian Kempe wins face-off versus Elias Lindholm in SAN JOSE BRONCOS zone.
12:22 of 1st period - Shot by Pius Suter.
12:22 of 1st period - Shot Misses the Net.
12:25 of 1st period - Icing by Connor Brown.
12:26 of 1st period - Michael Rasmussen wins face-off versus Elias Lindholm in SAN JOSE BRONCOS zone.
12:51 of 1st period - Shot by Evgeny Kuznetsov.
12:51 of 1st period - Stopped by Jacob Markstrom without a rebound.
12:52 of 1st period - Mikael Granlund wins face-off versus Jordan Staal in SAN JOSE BRONCOS zone.
12:52 of 1st period - Mikael Granlund is hit by Jordan Staal.
13:44 of 1st period - Icing by Jordan Staal.
13:45 of 1st period - Jordan Staal wins face-off versus Brayden Point in ANAHEIM OUTLAWS zone.
14:21 of 1st period - Shot by Brayden Point.
14:21 of 1st period - Shot Misses the Net.
15:48 of 1st period - Shot by Connor Brown.
15:48 of 1st period - Shot Blocked by Haydn Fleury.
15:51 of 1st period - Minor Penalty to Haydn Fleury for Goalie Interference.
15:52 of 1st period - Brayden Point wins face-off versus Jordan Staal in ANAHEIM OUTLAWS zone.
15:55 of 1st period - Shot by Oliver Bjorkstrand.
15:55 of 1st period - Deflect By Elias Lindholm.
15:55 of 1st period - Shot Blocked by Jordan Staal.
16:51 of 1st period - Shot by Connor Brown.
16:51 of 1st period - Deflect By Mikael Granlund.
16:51 of 1st period - Shot Blocked by Nikolai Knyzhov.
16:53 of 1st period - Shot by Jesper Bratt.
16:53 of 1st period - Shot Misses the Net.
16:57 of 1st period - Shot by Neal Pionk.
16:57 of 1st period - Stopped by Robin Lehner without a rebound.
16:58 of 1st period - Jordan Staal wins face-off versus Mikael Granlund in ANAHEIM OUTLAWS zone.
17:30 of 1st period - Shot by Connor Brown.
17:30 of 1st period - Shot Misses the Net.
17:40 of 1st period - Shot by Elias Lindholm.
17:40 of 1st period - Stopped by Robin Lehner without a rebound.
17:41 of 1st period - Brayden Point wins face-off versus Adrian Kempe in ANAHEIM OUTLAWS zone.
17:56 of 1st period - Shot by David Kampf.
17:56 of 1st period - Stopped by Robin Lehner with a rebound.
17:58 of 1st period - Shot by Tyler Motte.
17:58 of 1st period - Shot Misses the Net.
18:06 of 1st period - Shot by Nick Bonino.
18:06 of 1st period - Shot Blocked by Noah Hanifin.
18:12 of 1st period - Shot by Tyler Motte.
18:12 of 1st period - Shot Misses the Net.
18:18 of 1st period - Shot by Nick Bonino.
18:18 of 1st period - Stopped by Robin Lehner with a rebound.
18:41 of 1st period - Christian Fischer is hit by Elias Lindholm and loses puck.
18:50 of 1st period - Shot by Elias Lindholm.
18:50 of 1st period - Stopped by Robin Lehner without a rebound.
18:51 of 1st period - Jordan Staal wins face-off versus Brayden Point in ANAHEIM OUTLAWS zone.
19:08 of 1st period - Shot by Jesper Bratt.
19:08 of 1st period - Shot Misses the Net.
Goals for this period are 0 for SAN JOSE BRONCOS vs 1 for ANAHEIM OUTLAWS.
Shots for this period are 10 for SAN JOSE BRONCOS vs 6 for ANAHEIM OUTLAWS.

2nd period


0:01 of 2nd period - Jordan Staal wins face-off versus Mikael Granlund in neutral zone.
0:22 of 2nd period - Ian Mitchell is hit by Oliver Wahlstrom and loses puck.
0:27 of 2nd period - Shot by Mikael Granlund.
0:27 of 2nd period - Deflect By David Kampf.
0:27 of 2nd period - Stopped by Robin Lehner without a rebound.
0:28 of 2nd period - Michael Rasmussen wins face-off versus Elias Lindholm in ANAHEIM OUTLAWS zone.
0:30 of 2nd period - Evgeny Kuznetsov is hit by Anthony Beauvillier and loses puck.
0:40 of 2nd period - Connor Brown is hit by Henri Jokiharju and loses puck.
0:47 of 2nd period - Shot by Connor Brown.
0:47 of 2nd period - Stopped by Robin Lehner without a rebound.
0:48 of 2nd period - Jordan Staal wins face-off versus Brayden Point in ANAHEIM OUTLAWS zone.
0:48 of 2nd period - Jordan Staal is hit by Oliver Bjorkstrand.
0:59 of 2nd period - Icing by Mike Reilly.
1:00 of 2nd period - Brayden Point wins face-off versus Michael Rasmussen in SAN JOSE BRONCOS zone.
1:04 of 2nd period - Icing by Jesper Bratt.
1:05 of 2nd period - Michael Rasmussen wins face-off versus Oliver Bjorkstrand in SAN JOSE BRONCOS zone.
1:06 of 2nd period - Shot by Evgeny Kuznetsov.
1:06 of 2nd period - Deflect By Christian Fischer.
1:06 of 2nd period - Shot Blocked by Chris Tanev.
1:51 of 2nd period - Shot by Brayden Point.
1:51 of 2nd period - Stopped by Robin Lehner with a rebound.
2:01 of 2nd period - Shot by Mikael Granlund.
2:01 of 2nd period - Deflect By David Kampf.
2:01 of 2nd period - Stopped by Robin Lehner without a rebound.
2:02 of 2nd period - Jordan Staal wins face-off versus Mikael Granlund in ANAHEIM OUTLAWS zone.
2:20 of 2nd period - Shot by Kasperi Kapanen.
2:20 of 2nd period - Stopped by Jacob Markstrom with a rebound.
2:22 of 2nd period - Shot by Michael Bunting.
2:22 of 2nd period - Shot Blocked by Mikael Granlund.
3:56 of 2nd period - Jeff Skinner is hit by Connor Brown and loses puck.
4:03 of 2nd period - Shot by Connor Brown.
4:03 of 2nd period - Shot Misses the Net.
4:47 of 2nd period - Shot by Jesper Bratt.
4:47 of 2nd period - Shot Misses the Net.
5:03 of 2nd period - Michael Rasmussen is hit by Jesper Bratt and loses puck.
5:08 of 2nd period - Shot by Brayden Point.
5:08 of 2nd period - Shot Blocked by Noah Hanifin.
5:43 of 2nd period - Icing by Evgeny Kuznetsov.
5:44 of 2nd period - Elias Lindholm wins face-off versus Christian Fischer in ANAHEIM OUTLAWS zone.
6:08 of 2nd period - Icing by Neal Pionk.
6:09 of 2nd period - Adrian Kempe wins face-off versus Elias Lindholm in SAN JOSE BRONCOS zone.
6:10 of 2nd period - Shot by Pius Suter.
6:10 of 2nd period - Shot Misses the Net.
6:12 of 2nd period - Shot by Adrian Kempe.
6:12 of 2nd period - Stopped by Jacob Markstrom without a rebound.
6:13 of 2nd period - Michael Bunting wins face-off versus Brayden Point in SAN JOSE BRONCOS zone.
6:16 of 2nd period - Shot by Jordan Staal.
6:16 of 2nd period - Shot Misses the Net.
6:18 of 2nd period - Shot by Nikolai Knyzhov.
6:18 of 2nd period - Shot Misses the Net.
6:20 of 2nd period - Shot by Jordan Staal.
6:20 of 2nd period - Shot Blocked by Mike Reilly.
6:24 of 2nd period - Shot by Jordan Staal.
6:24 of 2nd period - Stopped by Jacob Markstrom without a rebound.
6:25 of 2nd period - Mikael Granlund wins face-off versus Adrian Kempe in SAN JOSE BRONCOS zone.
7:14 of 2nd period - Icing by Adam Pelech.
7:15 of 2nd period - Mikael Granlund wins face-off versus Jordan Staal in SAN JOSE BRONCOS zone.
7:54 of 2nd period - Shot by Jordan Staal.
7:54 of 2nd period - Stopped by Jacob Markstrom with a rebound.
7:56 of 2nd period - Shot by Jordan Staal.
7:56 of 2nd period - Shot Misses the Net.
8:31 of 2nd period - Brayden Point is hit by Noah Hanifin and loses puck.
8:45 of 2nd period - Icing by Chris Tanev.
8:46 of 2nd period - Brayden Point wins face-off versus Michael Rasmussen in SAN JOSE BRONCOS zone.
9:36 of 2nd period - Shot by Jordan Staal.
9:36 of 2nd period - Shot Blocked by Mike Reilly.
11:04 of 2nd period - Off-side.
11:05 of 2nd period - Elias Lindholm wins face-off versus Michael Rasmussen in neutral zone.
11:16 of 2nd period - Icing by Noah Hanifin.
11:17 of 2nd period - Elias Lindholm wins face-off versus Michael Rasmussen in ANAHEIM OUTLAWS zone.
11:18 of 2nd period - Shot by Connor Brown.
11:18 of 2nd period - Stopped by Robin Lehner without a rebound.
11:19 of 2nd period - Jordan Staal wins face-off versus Mikael Granlund in ANAHEIM OUTLAWS zone.
11:27 of 2nd period - Icing by Neal Pionk.
11:28 of 2nd period - Christian Fischer wins face-off versus Mikael Granlund in SAN JOSE BRONCOS zone.
11:53 of 2nd period - Off-side.
11:54 of 2nd period - Elias Lindholm wins face-off versus Jordan Staal in neutral zone.
11:59 of 2nd period - Shot by Connor Brown.
11:59 of 2nd period - Shot Blocked by Noah Hanifin.
12:01 of 2nd period - Shot by Elias Lindholm.
12:01 of 2nd period - Goal by Elias Lindholm - SAN JOSE BRONCOS : 1 - ANAHEIM OUTLAWS : 1.
12:02 of 2nd period - Jordan Staal wins face-off versus Anthony Beauvillier in neutral zone.
12:15 of 2nd period - Shot by Kasperi Kapanen.
12:15 of 2nd period - Stopped by Jacob Markstrom without a rebound.
12:16 of 2nd period - Mikael Granlund wins face-off versus Christian Fischer in SAN JOSE BRONCOS zone.
13:28 of 2nd period - Shot by Connor Brown.
13:28 of 2nd period - Shot Hit the Post.
13:30 of 2nd period - Shot by Connor Brown.
13:30 of 2nd period - Shot Misses the Net.
13:32 of 2nd period - Shot by Elias Lindholm.
13:32 of 2nd period - Shot Misses the Net.
13:34 of 2nd period - Shot by Connor Brown.
13:34 of 2nd period - Shot Misses the Net.
13:40 of 2nd period - Shot by Elias Lindholm.
13:40 of 2nd period - Shot Misses the Net.
13:42 of 2nd period - Shot by Elias Lindholm.
13:42 of 2nd period - Shot Misses the Net.
13:44 of 2nd period - Shot by Connor Brown.
13:44 of 2nd period - Stopped by Robin Lehner without a rebound.
13:45 of 2nd period - Oliver Bjorkstrand wins face-off versus Adrian Kempe in ANAHEIM OUTLAWS zone.
14:20 of 2nd period - Shot by Jake DeBrusk.
14:20 of 2nd period - Deflect By Adrian Kempe.
14:20 of 2nd period - Stopped by Jacob Markstrom without a rebound.
14:21 of 2nd period - Nick Bonino wins face-off versus Kasperi Kapanen in SAN JOSE BRONCOS zone.
14:34 of 2nd period - Noah Hanifin is hit by Tyler Motte.
14:44 of 2nd period - Shot by Michael Bunting.
14:44 of 2nd period - Shot Hit the Post.
14:46 of 2nd period - Shot by Kasperi Kapanen.
14:46 of 2nd period - Deflect By Jordan Staal.
14:46 of 2nd period - Shot Misses the Net.
14:48 of 2nd period - Shot by Haydn Fleury.
14:48 of 2nd period - Shot Misses the Net.
14:50 of 2nd period - Shot by Michael Bunting.
14:50 of 2nd period - Stopped by Jacob Markstrom without a rebound.
14:51 of 2nd period - Michael Rasmussen wins face-off versus Elias Lindholm in SAN JOSE BRONCOS zone.
15:23 of 2nd period - Shot by Connor Brown.
15:23 of 2nd period - Stopped by Robin Lehner with a rebound.
15:58 of 2nd period - Mikael Granlund is hit by Noah Hanifin and loses puck.
16:05 of 2nd period - Shot by Mikael Granlund.
16:05 of 2nd period - Stopped by Robin Lehner without a rebound.
16:06 of 2nd period - Brayden Point wins face-off versus Adrian Kempe in ANAHEIM OUTLAWS zone.
16:22 of 2nd period - Shot by Jesper Bratt.
16:22 of 2nd period - Stopped by Robin Lehner with a rebound.
16:24 of 2nd period - Shot by Mike Reilly.
16:24 of 2nd period - Stopped by Robin Lehner without a rebound.
16:25 of 2nd period - Mikael Granlund wins face-off versus Jordan Staal in ANAHEIM OUTLAWS zone.
16:37 of 2nd period - Icing by Jordan Staal.
16:38 of 2nd period - Elias Lindholm wins face-off versus Jordan Staal in ANAHEIM OUTLAWS zone.
17:04 of 2nd period - Shot by Kasperi Kapanen.
17:04 of 2nd period - Shot Blocked by Mike Reilly.
17:32 of 2nd period - Shot by Jake DeBrusk.
17:32 of 2nd period - Stopped by Jacob Markstrom without a rebound.
17:33 of 2nd period - Adrian Kempe wins face-off versus Oliver Wahlstrom in SAN JOSE BRONCOS zone.
17:58 of 2nd period - Off-side.
17:59 of 2nd period - Brayden Point wins face-off versus Michael Rasmussen in neutral zone.
18:14 of 2nd period - Shot by Brayden Point.
18:14 of 2nd period - Stopped by Robin Lehner without a rebound.
18:15 of 2nd period - Nick Bonino wins face-off versus Michael Bunting in ANAHEIM OUTLAWS zone.
Goals for this period are 1 for SAN JOSE BRONCOS vs 0 for ANAHEIM OUTLAWS.
Shots for this period are 12 for SAN JOSE BRONCOS vs 8 for ANAHEIM OUTLAWS.

3rd period


0:01 of 3rd period - Mikael Granlund wins face-off versus Michael Rasmussen in neutral zone.
0:38 of 3rd period - Shot by Mikael Granlund.
0:38 of 3rd period - Stopped by Robin Lehner without a rebound.
0:39 of 3rd period - Adrian Kempe wins face-off versus Brayden Point in ANAHEIM OUTLAWS zone.
0:46 of 3rd period - Shot by Adrian Kempe.
0:46 of 3rd period - Deflect By Pius Suter.
0:46 of 3rd period - Shot Misses the Net.
0:48 of 3rd period - Shot by Pius Suter.
0:48 of 3rd period - Shot Misses the Net.
0:50 of 3rd period - Shot by Ian Mitchell.
0:50 of 3rd period - Stopped by Jacob Markstrom with a rebound.
0:54 of 3rd period - Shot by Jake DeBrusk.
0:54 of 3rd period - Stopped by Jacob Markstrom without a rebound.
0:55 of 3rd period - Jeff Skinner wins face-off versus Elias Lindholm in SAN JOSE BRONCOS zone.
1:08 of 3rd period - Shot by Sam Bennett.
1:08 of 3rd period - Stopped by Jacob Markstrom without a rebound.
1:09 of 3rd period - Brayden Point wins face-off versus Adrian Kempe in SAN JOSE BRONCOS zone.
1:19 of 3rd period - Icing by Adam Pelech.
1:20 of 3rd period - Michael Rasmussen wins face-off versus Brayden Point in SAN JOSE BRONCOS zone.
1:32 of 3rd period - Off-side.
1:33 of 3rd period - Adrian Kempe wins face-off versus Mikael Granlund in neutral zone.
2:34 of 3rd period - Shot by Evgeny Kuznetsov.
2:34 of 3rd period - Deflect By Michael Rasmussen.
2:34 of 3rd period - Shot Misses the Net.
2:45 of 3rd period - Brayden Point is hit by Haydn Fleury and loses puck.
3:35 of 3rd period - Shot by Zach Parise.
3:35 of 3rd period - Stopped by Jacob Markstrom without a rebound.
3:36 of 3rd period - Jordan Staal wins face-off versus Nick Bonino in SAN JOSE BRONCOS zone.
3:37 of 3rd period - Shot by Kasperi Kapanen.
3:37 of 3rd period - Deflect By Jordan Staal.
3:37 of 3rd period - Stopped by Jacob Markstrom with a rebound.
3:39 of 3rd period - Shot by Michael Bunting.
3:39 of 3rd period - Shot Blocked by Tyler Motte.
3:41 of 3rd period - Shot by Kasperi Kapanen.
3:41 of 3rd period - Shot Misses the Net.
3:43 of 3rd period - Shot by Kasperi Kapanen.
3:43 of 3rd period - Shot Misses the Net.
4:01 of 3rd period - Shot by Jordan Staal.
4:01 of 3rd period - Shot Misses the Net.
4:17 of 3rd period - Shot by Kasperi Kapanen.
4:17 of 3rd period - Shot Misses the Net.
5:44 of 3rd period - Sam Bennett is hit by Mike Reilly and loses puck.
6:07 of 3rd period - Shot by Anthony Beauvillier.
6:07 of 3rd period - Stopped by Robin Lehner without a rebound.
6:08 of 3rd period - Brayden Point wins face-off versus Michael Rasmussen in ANAHEIM OUTLAWS zone.
7:12 of 3rd period - Shot by Jordan Staal.
7:12 of 3rd period - Stopped by Jacob Markstrom without a rebound.
7:13 of 3rd period - Adrian Kempe wins face-off versus Elias Lindholm in SAN JOSE BRONCOS zone.
7:14 of 3rd period - Shot by Pius Suter.
7:14 of 3rd period - Shot Hit the Post.
8:06 of 3rd period - Shot by Kasperi Kapanen.
8:06 of 3rd period - Stopped by Jacob Markstrom without a rebound.
8:07 of 3rd period - Mikael Granlund wins face-off versus Jeff Skinner in SAN JOSE BRONCOS zone.
8:18 of 3rd period - Icing by Jaccob Slavin.
8:19 of 3rd period - Mikael Granlund wins face-off versus Michael Rasmussen in SAN JOSE BRONCOS zone.
8:19 of 3rd period - Mikael Granlund is hit by Christian Fischer.
8:42 of 3rd period - Minor Penalty to Christian Fischer for Hooking.
8:43 of 3rd period - Jordan Staal wins face-off versus Oliver Bjorkstrand in ANAHEIM OUTLAWS zone.
9:18 of 3rd period - Shot by Elias Lindholm.
9:18 of 3rd period - Shot Misses the Net.
9:20 of 3rd period - Shot by Jaccob Slavin.
9:20 of 3rd period - Shot Misses the Net.
10:21 of 3rd period - Shot by Mikael Granlund.
10:21 of 3rd period - Stopped by Robin Lehner without a rebound.
10:22 of 3rd period - Brayden Point wins face-off versus Adrian Kempe in ANAHEIM OUTLAWS zone.
10:27 of 3rd period - Shot by Oliver Bjorkstrand.
10:27 of 3rd period - Shot Misses the Net.
10:29 of 3rd period - Shot by Jaccob Slavin.
10:29 of 3rd period - Shot Misses the Net.
10:31 of 3rd period - Shot by Elias Lindholm.
10:31 of 3rd period - Stopped by Robin Lehner without a rebound.
10:32 of 3rd period - Adrian Kempe wins face-off versus Mikael Granlund in ANAHEIM OUTLAWS zone.
12:01 of 3rd period - Shot by Anthony Beauvillier.
12:01 of 3rd period - Shot Blocked by Ian Mitchell.
12:03 of 3rd period - Shot by Elias Lindholm.
12:03 of 3rd period - Shot Misses the Net.
12:24 of 3rd period - Off-side.
12:25 of 3rd period - Brayden Point wins face-off versus Adrian Kempe in neutral zone.
12:28 of 3rd period - Shot by Brayden Point.
12:28 of 3rd period - Stopped by Robin Lehner with a rebound.
12:30 of 3rd period - Shot by Zdeno Chara.
12:30 of 3rd period - Stopped by Robin Lehner without a rebound.
12:31 of 3rd period - Adrian Kempe wins face-off versus Mikael Granlund in ANAHEIM OUTLAWS zone.
12:53 of 3rd period - Icing by Thomas Hickey.
12:54 of 3rd period - Brayden Point wins face-off versus Jake DeBrusk in ANAHEIM OUTLAWS zone.
13:32 of 3rd period - Brayden Point is hit by Henri Jokiharju.
13:53 of 3rd period - Mikael Granlund is hit by Thomas Hickey and loses puck.
13:59 of 3rd period - Jaccob Slavin is hit by Henri Jokiharju and loses puck.
14:59 of 3rd period - Shot by Anthony Beauvillier.
14:59 of 3rd period - Shot Blocked by Ian Mitchell.
15:26 of 3rd period - Icing by Ian Mitchell.
15:27 of 3rd period - Michael Rasmussen wins face-off versus Brayden Point in ANAHEIM OUTLAWS zone.
16:59 of 3rd period - Icing by Neal Pionk.
17:00 of 3rd period - Michael Rasmussen wins face-off versus Mikael Granlund in SAN JOSE BRONCOS zone.
17:11 of 3rd period - Shot by Evgeny Kuznetsov.
17:11 of 3rd period - Shot Misses the Net.
17:13 of 3rd period - Shot by Noah Hanifin.
17:13 of 3rd period - Shot Blocked by Neal Pionk.
17:15 of 3rd period - Shot by Evgeny Kuznetsov.
17:15 of 3rd period - Shot Blocked by Jaccob Slavin.
17:17 of 3rd period - Shot by Christian Fischer.
17:17 of 3rd period - Deflect By Evgeny Kuznetsov.
17:17 of 3rd period - Stopped by Jacob Markstrom with a rebound.
17:19 of 3rd period - Shot by Evgeny Kuznetsov.
17:19 of 3rd period - Shot Blocked by David Kampf.
17:22 of 3rd period - Minor Penalty to Jaccob Slavin for High sticking.
17:23 of 3rd period - Pius Suter wins face-off versus Nick Bonino in SAN JOSE BRONCOS zone.
18:11 of 3rd period - Icing by Jordan Staal.
18:12 of 3rd period - Mikael Granlund wins face-off versus Adrian Kempe in ANAHEIM OUTLAWS zone.
18:38 of 3rd period - Shot by Connor Brown.
18:38 of 3rd period - Stopped by Robin Lehner with a rebound.
18:40 of 3rd period - Shot by Neal Pionk.
18:40 of 3rd period - Shot Misses the Net.
18:44 of 3rd period - Shot by Connor Brown.
18:44 of 3rd period - Shot Misses the Net.
18:48 of 3rd period - Shot by Nick Bonino.
18:48 of 3rd period - Stopped by Robin Lehner without a rebound.
18:49 of 3rd period - Mikael Granlund wins face-off versus Pius Suter in ANAHEIM OUTLAWS zone.
18:56 of 3rd period - Shot by Mikael Granlund.
18:56 of 3rd period - Shot Misses the Net.
19:42 of 3rd period - Shot by Brayden Point.
19:42 of 3rd period - Stopped by Robin Lehner with a rebound.
19:52 of 3rd period - Shot by Jesper Bratt.
19:52 of 3rd period - Deflect By Brayden Point.
19:52 of 3rd period - Stopped by Robin Lehner with a rebound.
Goals for this period are 0 for SAN JOSE BRONCOS vs 0 for ANAHEIM OUTLAWS.
Shots for this period are 10 for SAN JOSE BRONCOS vs 8 for ANAHEIM OUTLAWS.

Overtime #1


0:01 of 1st overtime period - Jordan Staal wins face-off versus Elias Lindholm in neutral zone.
0:24 of 1st overtime period - Shot by Brayden Point.
0:24 of 1st overtime period - Goal by Brayden Point - SAN JOSE BRONCOS : 2 - ANAHEIM OUTLAWS : 1.
Goals for this period are 1 for SAN JOSE BRONCOS vs 0 for ANAHEIM OUTLAWS.
Shots for this period are 1 for SAN JOSE BRONCOS vs 0 for ANAHEIM OUTLAWS.


NATHAN
MACKINNON
PHILLIP
DANAULT
CONNOR
MCDAVID

EAST COAST

HOCKEY LEAGUE

  • 25.QUE4CHI5
  • 26.CHA2LIM3
  • 27.TRV2LON3
  • 28.CHW4BAL2
  • 29.PITMAN
  • 30.ATLNHW
  • 31.WORPET
  • 32.RHI